 Dungeon Crawl Stone Soup version 0.27-a0-686-gaed091b46b (webtiles) character file.

Game seed: 13277870675799841373

44 DarkShadow the Skirmisher (level 3, -2/40 HPs)
             Began as an Ogre Berserker on Mar 21, 2021.
             Was a Follower of Trog.
             Slain by Terence
             ... wielding a +0 mace
              (5 damage)
             ... on level 3 of the Dungeon.
             The game lasted 00:04:22 (1992 turns).

DarkShadow the Skirmisher (Ogre Berserker)          Turns: 1992, Time: 00:04:22

Health: -2/40      AC:  3    Str: 21    XL:     3   Next: 62%
Magic:  2/2        EV: 10    Int:  8    God:    Trog [*.....]
Gold:   47         SH:  0    Dex:  9    Spells: 2/2 levels left

rFire    + + .     SeeInvis +   a - +0 hand axe
rCold    + . .     Faith    .   (no shield)
rNeg     . . .     Spirit   .   b - +0 animal skin
rPois    +         Reflect  .   (helmet restricted)
rElec    +         Harm     .   (no cloak)
rCorr    +         Rampage  .   (gloves unavailable)
Will     .....                  (boots unavailable)
Stlth    +.........             (no amulet)
HPRegen  0.13/turn              k - ring of see invisible
MPRegen  0.08/turn              (no ring)

@: resistant
A: large, unfitting armour, tough skin 1, see invisible, fire resistance 1, low
mp 1, evolution 1
a: Renounce Religion, Berserk


You were on level 3 of the Dungeon.
You worshipped Trog.
Trog was aware of your devotion.
You visited 1 branch of the dungeon, and saw 3 of its levels.

You collected 47 gold pieces.

Inventory:

Hand Weapons
 a - a +0 hand axe (weapon)
Armour
 b - a +0 animal skin (worn)
Jewellery
 k - a ring of see invisible (right hand)
Scrolls
 c - a scroll of teleportation
 g - a scroll of fear {unknown}
 h - a scroll of identify
Potions
 j - a potion of curing


   Skills:
 + Level 4.6 Fighting
 + Level 3.5 Axes
 + Level 3.3 Dodging
 + Level 0.1 Stealth


You had 2 spell levels left.
You didn't know any spells.
Your spell library was empty.

Dungeon Overview and Level Annotations

Branches:
Dungeon (3/15)

Altars:

Shops:
D:2 *

Annotations:
D:3 Terence


Innate Abilities, Weirdness & Mutations

You are too large for most types of armour.
You have tough skin. (AC +1)
You have supernaturally acute eyesight. (SInv)
Your flesh is heat resistant. (rF+)
Your magical capacity is low. (-10% MP)
You evolve.


Message History

You hit Terence.
Terence is moderately wounded.
Terence closely misses you.
You hit Terence.
Terence is heavily wounded.
Terence hits you with a +0 mace.
You hit Terence.
Terence is severely wounded.
Terence hits you with a +0 mace.
You closely miss Terence.
Terence is severely wounded.
Terence says, "You're history."
Terence barely misses you.
You hit Terence.
Terence is almost dead.
Terence drinks a potion.
Terence is healed!
You hit Terence but do no damage.
Terence is lightly wounded.
Terence closely misses you.
You closely miss Terence.
Terence is lightly wounded.
Terence barely misses you.
You hit Terence.
Terence is heavily wounded.
Terence hits you with a +0 mace! Terence hits you with a +0 mace.
You hit Terence.
Terence is severely wounded.
Terence hits you with a +0 mace.
* * * LOW HITPOINT WARNING * * *
You hit Terence but do no damage.
Terence is severely wounded.
Terence hits you with a +0 mace!
* * * LOW HITPOINT WARNING * * *
You barely miss Terence.
Terence is severely wounded.
Terence drinks a potion.
Terence is healed!
It was a potion of resistance.
You feel protected. Terence hits you with a +0 mace.
You die...

#..##.#
#.†...#
#######.####
...@......#
#######.#.#
#.#.# #.#.#
#@#.# #@#.#
#.#.# #.#.#
........#.#
#########<#
###


You could see Terence.

Vanquished Creatures
  An adder (D:2)
  2 worms (D:2)
  A dart slug (D:2)
  3 leopard geckos (D:2)
  2 giant cockroaches (D:2)
  A goblin (D:2)
  3 hobgoblins (D:2)
  3 quokkas (D:2)
  3 frilled lizards (D:2)
  4 kobolds
  2 rats
25 creatures vanquished.

Notes
Turn   | Place    | Note
-------+----------+-------------------------------------------
     0 | D:1      | DarkShadow the Ogre Berserker began the quest for the Orb.
     0 | D:1      | Reached XP level 1. HP: 24/24 MP: 1/1
   281 | D:1      | You fall into a shaft and drop 1 floor!
   542 | D:2      | Reached XP level 2. HP: 23/32 MP: 2/2
  1063 | D:2      | Reached XP level 3. HP: 13/40 MP: 3/3
  1369 | D:2      | Found Ocoag's General Store.
  1511 | D:2      | Reached ** piety under Trog
  1688 | D:2      | Gained mutation: You evolve. [potion of mutation]
  1688 | D:2      | Gained mutation: You have supernaturally acute eyesight.
                  | (SInv) [potion of mutation]
  1688 | D:2      | Gained mutation: Your magical capacity is low. (-10% MP)
                  | [potion of mutation]
  1688 | D:2      | Gained mutation: Your flesh is heat resistant. (rF+)
                  | [potion of mutation]
  1966 | D:3      | Noticed Terence
  1992 | D:3      | Slain by Terence

Illustrated notes

Levels and vault maps discovered:
D:1:      scummos_arrival_simple_fountains, layout_basic, minmay_misc_feat_doors
D:2:      layout_rooms, serial_shops, shop
D:3:      layout_basic, minitemple, palyth_stone_intersect, grunt_ministairs_9,
          uniq_robin, uniq_grinder, uniq_terence

Skill      XL: |  1  2 |
---------------+-------+-----
Dodging        | 3 |  3.3
Fighting       | |  4.6
Axes           | |  3.5
Stealth        | |  0.1

Action                   || total
-------------------------++-------
Melee: Hand axe          ||   100
Invok: Berserk           ||     1
  Use: Scroll            ||     5
       Potion            ||     2
Armor: Animal skin       ||    12
Dodge: Dodged            ||    32

Table legend: (Time is in decaauts)
 A = Elapsed time spent in this place.
 B = Non-inter-level travel time spent in this place.
 C = Inter-level travel time spent in this place.
 D = Time resting spent in this place.
 E = Time spent auto-exploring this place.
 F = Levels seen in this place.
 G = Mean time per level.
                   A        B        C        D        E       F      G
               +--------+--------+--------+--------+--------+-----+--------+
         Total |   2013 |   2013 |      0 |   1117 |    524 |   3 |  671.0 |
       Dungeon |   2013 |   2013 |      0 |   1117 |    524 |   3 |  671.0 |
               +--------+--------+--------+--------+--------+-----+--------+

Top non-repeatable levels by time:
     D:2: 1665 daAuts
     D:1: 282 daAuts
     D:3: 65 daAuts
